 Dungeon Crawl Stone Soup version 0.27-a0-1119-gbf574a6a6b (webtiles) character file.

Game seed: 13532730414978476242

2 Zeld the Shield-Bearer (level 1, -12/16 HPs)
             Began as an Octopode Fighter on May 2, 2021.
             Mangled by an ogre
             ... wielding a +0 giant spiked club
              (17 damage)
             ... on level 5 of the Dungeon.
             The game lasted 00:00:42 (145 turns).

Zeld the Shield-Bearer (Octopode Fighter)            Turns: 145, Time: 00:00:43

Health: -12/16     AC:  1    Str: 15    XL:     1   Next: 30%
Magic:  1/1        EV: 11    Int: 10    God:
Gold:   0          SH:  8    Dex: 11    Spells: 0/0 levels left

rFire    . . .     SeeInvis .   a - +0 war axe
rCold    . . .     Faith    .   b - +0 kite shield
rNeg     . . .     Spirit   .   (helmet restricted)
rPois    .         Reflect  .   (no amulet)
rElec    .         Harm     .   (no ring)
rCorr    .         Rampage  .   (no ring)
Will     .....                  (no ring)
Stlth    ++........             (no ring)
HPRegen  0.05/turn              (no ring)
MPRegen  0.07/turn              (no ring)
                                (no ring)
                                (no ring)

@: no status effects
A: almost no armour, amphibious, 8 rings, camouflage 1, gelatinous body 1,
(nimble swimmer 1), tentacles
a: no special abilities


You were on level 5 of the Dungeon.
You visited 1 branch of the dungeon, and saw 4 of its levels.

Inventory:

Hand Weapons
 a - a +0 war axe (weapon)
Missiles
 e - 12 poisoned darts (quivered)
Armour
 b - a +0 kite shield (worn)
Magical Staves
 f - a staff of poison
Potions
 c - a potion of might
 d - a potion of heal wounds {unknown}


   Skills:
 - Level 3.0 Fighting
 - Level 2.0 Axes
 * Level 0.4 Throwing
 - Level 3.0 Dodging
 - Level 3.0 Shields


You couldn't memorise any spells.
You didn't know any spells.
Your spell library was empty.

Dungeon Overview and Level Annotations

Branches:
Dungeon (4/15)
 Temple: D:4-7

Altars:


Innate Abilities, Weirdness & Mutations

You cannot wear most types of armour.
You are amphibious.
You can wear up to eight rings at the same time.
Your skin changes colour to match your surroundings (Stealth+).
Your rubbery body absorbs attacks. (AC +1, EV +1)
((You are camouflaged near water. (Stealth+)))
You have tentacles for arms and can constrict up to eight enemies at once.


Message History

You hit the hobgoblin.
You kill the hobgoblin!
No target in view!
You see here a hobgoblin corpse.
f - a staff of poison
Found a stone staircase leading down.
There is a stone staircase leading down here.
Found 15 arrows.
Drop what? 6/52 slots (_ for help) (? for menu, Esc to quit)
Drop what? 6/52 slots (_ for help) (? for menu, Esc to quit)
Huh?
Drop what? 6/52 slots (_ for help) (? for menu, Esc to quit)
Okay, then.
Found 23 stones.
You see here 23 stones.
You open the door.
There is an open door here.
You fall into a shaft and drop 1 floor!
The shaft crumbles and collapses.
Found 12 gold pieces. 4 orcs and an orc wizard come into view.
Found a stone staircase leading down.
Found an escape hatch in the floor.
The orc shouts! x2; The orc wizard shouts!
You hear a shout!
An ogre comes into view. It is wielding a +0 giant spiked club.
Found a tapered fluorescent wand.
The ogre shouts!
The orc shouts!
Found a stone staircase leading down.
An adder comes into view.
The adder hisses angrily.
Found an escape hatch in the ceiling.
The adder bites you.
You hit the ogre. You squeeze the ogre!
The ogre is heavily wounded.
You hit the adder. You barely miss the orc. The adder bites you.
You block the ogre's attack. You block the orc's attack. The adder bites you.
The ogre hits you with a +0 giant spiked club!
Ouch! That really hurt!
You die...

.. ##.# #..# #..#
.. ##..# ## ..#
#..###.##..#
#..#...#..### #
#S..........
.##.#@..>.....#...
#.....oO...........
#.<....#o..........
#.....##....#.....
.. ###.#.
##.o####.## ..
#..#.
#..##....####. #. .
###o...# .... . .
#..o### ..#
..##...#####.##


You could see an ogre, an orc wizard, an adder and 4 orcs.

Vanquished Creatures
  A hobgoblin (D:4)
  A bat (D:1)
2 creatures vanquished.

Notes
Turn   | Place    | Note
-------+----------+-------------------------------------------
     0 | D:1      | Zeld the Octopode Fighter began the quest for the Orb.
     0 | D:1      | Reached XP level 1. HP: 16/16 MP: 1/1
    66 | D:2      | You fall into a shaft and drop 2 floors!
   124 | D:4      | You fall into a shaft and drop 1 floor!
   124 | D:5      | Entered Level 5 of the Dungeon
   125 | D:5      | Noticed an orc wizard
   129 | D:5      | Noticed an ogre
   145 | D:5      | Mangled by an ogre

Illustrated notes

Levels and vault maps discovered:
D:1:      dpeg_arrival_shrine, layout_loops_ring
D:2:      layout_basic, uniq_robin
D:4:      layout_basic, minmay_temple_entry_arrows
D:5:      minmay_general_purpose_star, layout_cave_pools,
          fedhas_altar_fruit_tree

Action                   || total
-------------------------++-------
Melee: War axe           ||     5
       Constrict         ||     1
       Tentacles         ||     1
 Stab: Sleeping          ||     1
Dodge: Dodged            ||     2
Block: Kite shield       ||     5

Table legend: (Time is in decaauts)
 A = Elapsed time spent in this place.
 B = Non-inter-level travel time spent in this place.
 C = Inter-level travel time spent in this place.
 D = Time resting spent in this place.
 E = Time spent auto-exploring this place.
 F = Levels seen in this place.
 G = Mean time per level.
                   A        B        C        D        E       F      G
               +--------+--------+--------+--------+--------+-----+--------+
         Total |    146 |    129 |     17 |      0 |     88 |   4 |   36.5 |
       Dungeon |    146 |    129 |     17 |      0 |     88 |   4 |   36.5 |
               +--------+--------+--------+--------+--------+-----+--------+

Top non-repeatable levels by time:
     D:4: 59 daAuts
     D:1: 58 daAuts
     D:5: 20 daAuts
     D:2: 7 daAuts
